 Dungeon Crawl Stone Soup version 0.31.0-1-g2c135a008e (webtiles) character file.

Game seed: 6739696093357857158

49 qw the Shooter (level 4, 0/34 HPs)
             Began as a Djinni Hunter on Jan 23, 2024.
             Slain by a goblin
             ... wielding a +0 dagger
              (2 damage)
             ... on level 3 of the Dungeon.
             The game lasted 00:00:08 (1476 turns).

qw the Shooter (Djinni Hunter)                      Turns: 1476, Time: 00:00:08

Health: 0/34       AC:  5    Str: 10    XL:     4   Next: 1%
Gold:   154        EV: 10    Int: 11    God:
                   SH:  0    Dex: 16

rFire   + + .        a - +0 shortbow
rCold   x . .        (shield currently unavailable)
rNeg    . . .        i - +0 ring mail
rPois   inf          (no helmet)
rElec   .            (no cloak)
rCorr   .            (no gloves)
SInv    .            (boots unavailable)
Will    .....        (no amulet)
Stlth   +            (no ring)
HPRegen 0.25/turn    (no ring)
MPRegen 0.00/turn

%: infuse magic (-1 HP)
@: flying
A: sickness immunity, fire resistance 2, cold vulnerability 1, float, innate
caster, HP casting, extra vitality 1, clumsy 1
a: no special abilities


You were on level 3 of the Dungeon.
You visited 1 branch of the dungeon, and saw 3 of its levels.

You collected 154 gold pieces.


Innate Abilities, Weirdness & Mutations

You are immune to sickness and miasma.
You are immune to poison.
Your flesh is very heat resistant. (rF++)
You are vulnerable to cold. (rC-)
You float through the air rather than walking.
You learn spells naturally, not from books.
Your magical power is your life essence.
You have superior vitality. (+4 MHP)
You are clumsy. (Dex -2)


   Skills:
 + Level 2.6 Fighting
 - Level 4.0 Ranged Weapons
 - Level 1.0 Armour
 - Level 2.1 Dodging
 - Level 0.7 Stealth


You knew the following spells:

 Your Spells              Type           Power      Damage    Failure   Level
a - Magic Dart            Conj           0%         1d3       65%         1
Your spell library was empty.

Inventory:

Hand Weapons
 a - a +0 shortbow (weapon)
Armour
 i - a +0 ring mail (worn)
Potions
 h - 3 potions of curing

Dungeon Overview and Level Annotations

Branches:
Dungeon (3/15)

Altars:

Annotations:
D:3 Robin


Message History

The arrow barely misses the goblin.
The hobgoblin hits you.
The hobgoblin hits you but does no damage.
You shoot an arrow. The arrow hits the hobgoblin.
The hobgoblin is lightly wounded.
The hobgoblin hits you but does no damage.
You shoot an arrow. The arrow hits the hobgoblin.
The hobgoblin is almost dead.
The hobgoblin closely misses you. The hobgoblin misses you.
You shoot an arrow. The arrow hits the hobgoblin.
You kill the hobgoblin!
Robin throws the goblin at you! The goblin misses you.
The goblin hits you with a +0 dagger.
You shoot an arrow. The arrow hits the goblin.
You kill the goblin!
The goblin no longer looks unusually strong.
Robin roars a battlecry!
The goblin goes into a battle-frenzy!
The goblin hits you but does no damage.
You shoot an arrow. The arrow barely misses the goblin.
The goblin barely misses you.
The goblin hits you with a +0 dagger. x2
You shoot an arrow.
The arrow hits the goblin but does no damage.
The goblin completely misses you. The goblin hits you but does no damage.
The goblin hits you with a +0 dagger.
You shoot an arrow. The arrow barely misses the goblin.
The arrow hits Robin!
Robin is heavily wounded.
The goblin hits you with a +0 dagger. The goblin hits you but does no damage.
You shoot an arrow. The arrow hits the goblin!
You kill the goblin!
The goblin hits you with a +0 dagger.
You have reached level 4!
You feel clever.
You shoot an arrow. The arrow hits Robin.
Robin is almost dead.
The goblin no longer looks unusually strong.
Robin roars a battlecry!
The goblin goes into a battle-frenzy!
The goblin closely misses you. Robin barely misses you.
The goblin hits you with a +0 dagger.
You die...

#.# #.###)#.#
#.#
#.....#.###.#.#
#.#
.....#.##..#.#
#..
.....#.......#
... #.......#
... #.##....#
#.# #.##..>.#
#g# #.###...#
#@# #.####.##
###g#.#)).)..#
#.......####.#
#..##...#
#.####...g......
#.............##
######........#
#.....#..#
#........#


You could see Robin and a goblin (strong).

Vanquished Creatures
  A dart slug (D:1)
  An endoplasm (D:3)
  2 giant cockroaches (D:1)
  16 goblins
  4 hobgoblins (D:3)
  2 jackals (D:3)
  7 kobolds
  A quokka (D:2)
  2 ball pythons (D:1)
  2 frilled lizards (D:1)
  2 rats (D:1)
40 creatures vanquished.

Notes
Turn   | Place    | Note
-------+----------+-------------------------------------------
     0 | D:1      | qw the Djinni Hunter began the quest for the Orb.
     0 | D:1      | Reached XP level 1. HP: 18/18 MP: 0/0
     0 | D:1      | 0 ||| qw: Version: 0.3-a-134-g2ba4250
     0 | D:1      | 0 ||| qw: Game counter: 773
     0 | D:1      | 0 ||| qw: Melee chars always use a shield: true
     0 | D:1      | 0 ||| qw: God list: Okawaru
     0 | D:1      | 0 ||| qw: Allow faded altars: false
     0 | D:1      | 0 ||| qw: Do Orc after clearing Dungeon:15 true
     0 | D:1      | 0 ||| qw: Do second Lair branch before Depths: true
     0 | D:1      | 0 ||| qw: Lair rune preference: random
     0 | D:1      | 0 ||| qw: Goals: Normal
     0 | D:1      | 0 ||| PLANNING D:1-11
    52 | D:1      | Reached XP level 2. HP: 22/23 MP: 0/0
    84 | D:1      | 84 ||| RETREEEEATING.
    88 | D:1      | 88 ||| RETREEEEATING.
    89 | D:1      | 89 ||| RETREEEEATING.
   103 | D:1      | HP: 5/23 [giant cockroach (2)]
   368 | D:1      | Found a faded altar of an unknown god.
   533 | D:1      | Reached skill level 4 in Ranged Weapons
   533 | D:1      | Reached XP level 3. HP: 24/28 MP: 0/0
   533 | D:1      | Learned a level 1 spell: Magic Dart
   766 | D:1      | 766 ||| UPGRADING to +0 ring mail.
   776 | D:1      | 776 ||| DROPPING +0 leather armour.
   777 | D:1      | 777 ||| READING scroll labelled JOCKAU VOED.
   878 | D:1      | 878 ||| READING scroll labelled RIN QISONO.
   878 | D:1      | 878 ||| IDENTIFYING fuming amethyst potion
   879 | D:1      | 879 ||| READING scroll labelled ZUERAAR LITZATO.
   880 | D:1      | 880 ||| READING scroll labelled LURUWE IFYBADU.
   883 | D:1      | 883 ||| DRINKING 2 smoky cyan potions.
   884 | D:1      | 884 ||| DRINKING 4 yellow potions.
   885 | D:1      | 885 ||| DRINKING 2 fizzy sapphire potions.
   885 | D:1      | Gained mutation: You passively dampen the noise of your
                  | surroundings. [potion of mutation]
   886 | D:1      | 886 ||| DRINKING potion of mutation.
   886 | D:1      | Lost mutation: You passively dampen the noise of your
                  | surroundings. [potion of mutation]
   886 | D:1      | Gained mutation: Armour fits poorly on your strangely
                  | shaped body. [potion of mutation]
   886 | D:1      | Gained mutation: You expend health (3 HP) to strengthen
                  | your wands. [potion of mutation]
   887 | D:1      | 887 ||| DROPPING scroll of butterflies.
   888 | D:1      | 888 ||| DROPPING potion of magic.
   889 | D:1      | 889 ||| DROPPING potion of brilliance.
   897 | D:2      | 897 ||| STAIRDANCE
   979 | D:2      | 979 ||| DRINKING potion of mutation.
   979 | D:2      | Lost mutation: You expend health (3 HP) to strengthen your
                  | wands. [potion of mutation]
   979 | D:2      | Lost mutation: Armour fits poorly on your strangely shaped
                  | body. [potion of mutation]
   979 | D:2      | Gained mutation: You are clumsy. (Dex -2) [potion of
                  | mutation]
  1247 | D:2      | 1247 ||| READING scroll of identify.
  1247 | D:2      | 1247 ||| IDENTIFYING golden potion
  1248 | D:2      | 1248 ||| READING scroll labelled ZEASIZ FUKIA.
  1249 | D:2      | 1249 ||| READING scroll labelled MELIPRYRYL.
  1250 | D:2      | 1250 ||| READING scroll labelled GAENICH JUBIE.
  1408 | D:3      | Reached skill level 1 in Armour
  1429 | D:3      | 1429 ||| RETREEEEATING.
  1430 | D:3      | 1430 ||| RETREEEEATING.
  1437 | D:3      | Noticed Robin
  1451 | D:3      | HP: 6/29 [goblin/+0 dagger[Robin] (3)]
  1452 | D:3      | 1452 ||| READING scroll of teleportation.
  1453 | D:3      | 1453 ||| DRINKING potion of heal wounds.
  1460 | D:3      | 1460 ||| RETREEEEATING.
  1461 | D:3      | 1461 ||| RETREEEEATING.
  1462 | D:3      | 1462 ||| RETREEEEATING.
  1463 | D:3      | 1463 ||| RETREEEEATING.
  1464 | D:3      | 1464 ||| RETREEEEATING.
  1474 | D:3      | HP: 4/29 [goblin/+0 dagger[Robin] (5)]
  1476 | D:3      | Reached XP level 4. HP: 2/34 MP: 0/0
  1476 | D:3      | Slain by a goblin

Levels and vault maps discovered:
D:1:      dpeg_arrival_orchard, layout_rooms, ebering_ecumenical_altar_hall,
          serial_bayou, serial_bayou_shore_a, serial_bayou_pond_c,
          serial_bayou_crossing, serial_bayou_pond_a, serial_bayou_pond_b,
          fountainhead
D:2:      layout_rooms, serial_park_tiny_1
D:3:      layout_loops_cross, uniq_robin

Skill      XL: |  1  2  3 |
---------------+----------+-----
Ranged Weapons | 4 |  4.0
Armour         | 1 |  1.0
Fighting       | |  2.6
Dodging        | |  2.1
Stealth        | |  0.7

Action                     |  1- 3 |  4- 6 || total
---------------------------+-------+-------++-------
   Fire: Shortbow          |   121 |     1 ||   122
    Use: Scroll            |     9 |       ||     9
         Potion            |     6 |       ||     6
 Armour: Leather armour    |    38 |       ||    38
         Ring mail         |    49 |     1 ||    50
  Dodge: Dodged            |    65 |     2 ||    67

Table legend:
 A = Non-vault XP
 B = Vault XP
 C = Vault XP percentage of total XP
 D = Non-vault monster count
 E = Vault monster count
 F = Vault count percentage of total count
                 A         B        C        D         E       F
            +---------+---------+-------+---------+---------+-------
      Total |      41 |      29 |  41.4 |      24 |      16 |  40.0
            +---------+---------+-------+---------+---------+-------
        D:1 |      24 |       6 |  20.0 |      14 |       4 |  22.2
        D:2 |      10 |       0 |   0.0 |       6 |       0 |   0.0
        D:3 |       7 |      23 |  76.7 |       4 |      12 |  75.0
            +---------+---------+-------+---------+---------+-------
